 Dungeon Crawl Stone Soup version 0.22.1-2-g9c5b331 (webtiles) character file.

19118 dvd the Thaumaturge (level 12, -8/86 HPs)
             Began as a Demonspawn Wizard on Dec 10, 2018.
             Was a High Priest of Qazlal.
             Splashed by an oklob plant's acid (11 damage)
             ... on level 3 of the Lair of Beasts.
             The game lasted 00:54:50 (14135 turns).

dvd the Thaumaturge (Demonspawn Wizard)            Turns: 14135, Time: 00:54:53

Health: -8/86      AC: -8    Str: 12    XL:     12   Next: 33%
Magic:  23/26      EV: 13    Int: 23    God:    Qazlal [*****.]
Gold:   716        SH: 18    Dex: 15    Spells: 15/31 levels left

rFire    + . .     SeeInvis .   a - +5 dagger (elec)
rCold    + . .     Gourm    .   N - +2 shield {reflect}
rNeg     . . .     Faith    .   I - +2 robe {rC+ rF+}
rPois    .         Spirit   .   P - +1 hat {Int+3}
rElec    +         Reflect  +   D - +2 cloak
rCorr    .         Harm     .   (no gloves)
MR       .....                  (boots unavailable)
Stlth    +.........             y - amulet of regeneration
HPRegen  0.64/turn              s - +3 ring of slaying
MPRegen  0.20/turn              w - +3 ring of dexterity

@: corroded, repel missiles
A: antennae 1, claws 2, talons 3, sense surroundings 1, electricity resistance
a: Upheaval, Elemental Force, Disaster Area, Renounce Religion


You were on level 3 of the Lair of Beasts.
You worshipped Qazlal.
Qazlal was extremely pleased with you.
You were hungry.

You visited 3 branches of the dungeon, and saw 14 of its levels.

You collected 716 gold pieces.

Inventory:

Hand Weapons
 a - a +5 dagger of electrocution (weapon)
 b - a +4 short sword
 g - a +3 trident of freezing
 n - a +4 scimitar of flaming
 r - a +2 halberd of chopping
 t - a +2 short sword of speed
 x - a +2 trident of protection
 J - a +4 mace of freezing
Armour
 q - a +2 robe of magic resistance
 D - a +2 cloak (worn)
 I - a +2 robe of resistance (worn)
 N - a +2 shield of reflection (worn)
 P - a +1 hat of intelligence (worn)
Jewellery
 i - an uncursed ring of protection from magic
 l - an uncursed ring of fire
 s - a +3 ring of slaying (left claw)
 w - a +3 ring of dexterity (right claw)
 y - an amulet of regeneration (around neck)
 O - an uncursed amulet of magic regeneration
Wands
 h - a wand of flame (37)
 F - a wand of random effects (31)
 K - a wand of acid (5)
Scrolls
 c - 6 scrolls of teleportation
 e - 8 scrolls of identify
 k - a scroll of magic mapping
 u - a scroll of fear
 z - 2 scrolls of amnesia
 G - 3 scrolls of remove curse
 H - a scroll of blinking
 M - a scroll of fog
Potions
 f - a potion of resistance
 j - 3 potions of haste
 m - 4 potions of lignification
 o - 2 potions of heal wounds
 p - 8 potions of curing
 B - a potion of agility
 E - a potion of invisibility
Comestibles
 d - 18 rations


   Skills:
 + Level 5.5 Fighting
 + Level 7.3 Short Blades
 + Level 1.0(4.6) Long Blades
 + Level 5.8 Dodging
 + Level 6.9 Stealth
 * Level 2.7 Shields
 + Level 10.0 Spellcasting
 + Level 7.0 Conjurations
 + Level 2.9 Hexes
 + Level 3.4 Summonings
 + Level 2.1 Translocations
 + Level 1.5 Ice Magic
 + Level 4.6 Air Magic
 + Level 4.3 Poison Magic
 + Level 0.2 Evocations


You had 15 spell levels left.
You knew the following spells:

 Your Spells              Type           Power        Failure   Level  Hunger
a - Magic Dart            Conj           ####         1%          1    None
b - Call Imp              Summ           ####....     10%         2    None
c - Mephitic Cloud        Conj/Pois/Air  #####...     9%          3    None
d - Blink                 Tloc           N/A          17%         2    None
e - Ensorcelled Hibernat  Hex/Ice        ###...       17%         2    None
f - Confuse               Hex            ####....     24%         3    None
g - Dazzling Spray        Conj/Hex       ####..       11%         3    None

Your spell library contained the following spells:

 Spells                   Type           Power        Failure   Level  Hunger
 Confusing Touch          Hex            ####..       9%          1    None
 Corona                   Hex            ####...      9%          1    None
 Slow                     Hex            ####....     12%         2    None
 Conjure Flame            Conj/Fire      ####....     19%         3    None
 Tukima's Dance           Hex            ####....     24%         3    None
 Gell's Gravitas          Tloc           ###.......   34%         3    None
 Petrify                  Tmut/Erth      ##......     95%         4    #......
 Metabolic Englaciation   Hex/Ice        ###.......   97%         5    ####...
 Yara's Violent Unravell  Hex/Tmut       ###.......   99%         5    ####...


Dungeon Overview and Level Annotations

Branches:
Dungeon (10/15)            Temple (1/1) D:4            Lair (3/6) D:10
  Swamp (0/4) Lair:2        Snake (0/4) Lair:2          Orc (0/2) D:9

Altars:
Ashenzari
Cheibriados
Dithmenos
Elyvilon
Fedhas
Gozag
Hepliaklqana
Kikubaaqudgha
Makhleb
Nemelex Xobeh
Okawaru
Qazlal
Ru
Sif Muna
Trog
Uskayaw
Vehumet
Wu Jian
Xom
Yredelemnul
Zin
The Shining One

Annotations:
Lair:3 exclusion: 3 oklob plants


Innate Abilities, Weirdness & Mutations

You have a pair of small antennae on your head.
You have very sharp fingernails.
You have claws for feet.
You passively map a small area around you.
You are resistant to electric shocks. (rElec)


Message History

The acid burns!
Unknown command.
Casting: Blink (safe; 17% risk of failure)
Confirm with . or Enter, or press ? or * to list all spells.
Aiming: Confuse (safe; 24% risk of failure)
Press: ? - help, Shift-Dir - straight line, f/p - oklob plant
Aim: an oklob plant (chance to defeat MR: 37%)
The oklob plant easily resists.
The oklob plant spits acid at you. The splash of acid hits you!
The acid corrodes you!
You are splashed with acid!
The acid burns!
The oklob plant spits acid at you. The splash of acid hits you!
The acid corrodes you!
You are splashed with acid!
The acid burns!
* * * LOW HITPOINT WARNING * * *
The oklob plant spits acid at you. The splash of acid hits you!
* * * LOW HITPOINT WARNING * * *
The acid corrodes you!
You are splashed with acid!
The acid burns!
You die...

#.....................
..##...........#..... ,
..........#.##.....
######........##...P...
#$..?P...........##....
#(P..P...........##....
#[P$.P.................
#P.(..§........##......
######@.§......####.#..
##..§.§§.........# ##...
#P..§.§..§.......## #..
#......§.......#..# ##.
##..............### ###
###.............##.####.#
#...................##..#
##..(...............####.
#.................#....#


You could see 3 oklob plants.

Vanquished Creatures
  3 hydras
  Erica (D:8)
  A two-headed ogre (D:10)
  Joseph (D:10)
  2 rime drakes (Lair:3)
  8 spiny frogs
  A komodo dragon (Lair:3)
  A tyrant leech (Lair:2)
  5 hippogriffs
  A spriggan (D:8)
  A hungry ghost (D:8)
  2 basilisks
  9 yaks
  3 wargs
  A swamp worm (Lair:2)
  16 water moccasins
  2 black bears (D:10)
  8 porcupines
  3 ice beasts
  3 orc warriors
  5 phantoms
  A sky beast (D:7)
  2 ogres
  15 wolves
  4 centaurs
  5 crocodiles
  A big kobold (D:9)
  11 bullfrogs
  3 scorpions
  3 killer bees (D:8)
  6 howler monkeys
  15 wights
  2 crimson imps
  6 hounds
  A quasit (D:9)
  8 orc priests
  10 orc wizards
  2 bullfrog skeletons
  A gnoll shaman (D:7)
  2 jellies
  2 centaur skeletons (D:6)
  Jessica (D:2)
  4 iguanas
  5 worker ants
  A hound zombie (D:7)
  2 hound skeletons
  A mummy (D:5)
  2 worker ant zombies (D:5)
  9 gnolls (D:7)
  17 adders
  3 shadow imps
  An ooze (D:6)
  A worm (D:2)
  An adder zombie (D:6)
  3 dart slugs
  6 leopard geckos
  43 orcs
  5 giant cockroaches
  3 hobgoblins
  9 jackals
  4 quokkas
  A ball python (D:2)
  8 bats
  10 frilled lizards
  6 goblins
  A jackal zombie (D:6)
  15 kobolds
  A leopard gecko zombie (D:9)
  A quokka skeleton (D:4)
  7 rats
  A spectral orc (D:4)
  A fungus (Lair:1)
  A plant (Lair:3)
351 creatures vanquished.

Vanquished Creatures (collateral kills)
  A bullfrog (Lair:1)
  A howler monkey (D:4)
  An orc priest (D:5)
  An orc wizard (D:5)
  An adder (D:2)
  An adder skeleton (D:4)
  A worm (D:2)
  A leopard gecko (D:2)
  A giant cockroach (D:6)
  A hobgoblin (D:2)
  A frilled lizard (D:5)
  A kobold (D:3)
  A rat (D:2)
13 creatures vanquished.

Vanquished Creatures (others)
  A fungus (Lair:1)
  A plant (Lair:1)
2 creatures vanquished.

Grand Total: 366 creatures vanquished

Notes
Turn   | Place    | Note
-------+----------+-------------------------------------------
     0 | D:1      | dvd the Demonspawn Wizard began the quest for the Orb.
     0 | D:1      | Reached XP level 1. HP: 13/13 MP: 4/4
   384 | D:1      | Gained mutation: You have sharp fingernails. [demonic
                  | ancestry]
   384 | D:1      | Reached XP level 2. HP: 15/19 MP: 3/6
  1084 | D:2      | Noticed Jessica
  1094 | D:2      | Killed Jessica
  1094 | D:2      | Gained mutation: You have a pair of small antennae on your
                  | head. [demonic ancestry]
  1094 | D:2      | Reached XP level 3. HP: 12/24 MP: 1/8
  1281 | D:2      | Learned a level 2 spell: Call Imp
  1289 | D:2      | Found a sacrificial altar of Ru.
  1888 | D:2      | Reached skill level 4 in Spellcasting
  1955 | D:2      | Gained mutation: You have sharp toenails. [demonic
                  | ancestry]
  1955 | D:2      | Reached XP level 4. HP: 16/30 MP: 3/10
  2138 | D:2      | Learned a level 3 spell: Mephitic Cloud
  2212 | D:2      | Reached skill level 1 in Short Blades
  2488 | D:3      | Found a stormy altar of Qazlal.
  2502 | D:3      | Found a glowing golden altar of the Shining One.
  2612 | D:3      | Became a worshipper of Qazlal Stormbringer
  2649 | D:3      | Found a basalt altar of Yredelemnul.
  2651 | D:3      | Found a blossoming altar of Fedhas.
  2651 | D:3      | Found a shimmering altar of Xom.
  2655 | D:3      | Found an ornate altar of the Wu Jian Council.
  2655 | D:3      | Found a radiant altar of Vehumet.
  2655 | D:3      | Found a shimmering altar of Xom.
  2750 | D:3      | Gained mutation: You have razor-sharp toenails. [demonic
                  | ancestry]
  2750 | D:3      | Reached XP level 5. HP: 33/36 MP: 7/11
  2751 | D:3      | Found a hide-covered altar of Uskayaw.
  2766 | D:3      | Noticed a dagger
  2766 | D:3      | Noticed a dagger
  2788 | D:3      | Reached skill level 1 in Fighting
  3238 | D:4      | Found a radiant altar of Vehumet.
  3238 | D:4      | Found a bloodstained altar of Trog.
  3390 | D:4      | Reached XP level 6. HP: 14/43 MP: 1/12
  3600 | D:4      | Learned a level 2 spell: Blink
  3707 | D:4      | Reached * piety under Qazlal
  3785 | D:4      | Found an iron altar of Okawaru.
  3845 | D:4      | Found a glowing silver altar of Zin.
  3874 | D:4      | Found a staircase to the Ecumenical Temple.
  3951 | D:4      | Found a basalt altar of Yredelemnul.
  4313 | Temple   | Entered the Ecumenical Temple
  4406 | D:5      | Entered Level 5 of the Dungeon
  4604 | D:5      | Gained mutation: You have very sharp fingernails. [demonic
                  | ancestry]
  4604 | D:5      | Reached XP level 7. HP: 44/48 MP: 8/14
  4709 | D:5      | Reached skill level 1 in Poison Magic
  4988 | D:5      | Reached skill level 5 in Spellcasting
  5144 | D:5      | Found an opulent altar of Gozag.
  5706 | D:5      | Found a snail-covered altar of Cheibriados.
  5835 | D:6      | Reached ** piety under Qazlal
  6281 | D:6      | Reached XP level 8. HP: 56/56 MP: 11/16
  6595 | D:6      | Reached skill level 6 in Spellcasting
  6846 | D:6      | Reached skill level 1 in Translocations
  6979 | D:6      | Reached *** piety under Qazlal
  7402 | D:7      | Gained mutation: You have claws for feet. [demonic
                  | ancestry]
  7402 | D:7      | Reached XP level 9. HP: 51/63 MP: 5/19
  7541 | D:7      | Reached skill level 1 in Air Magic
  7851 | D:7      | Reached skill level 7 in Spellcasting
  8283 | D:8      | Reached skill level 5 in Conjurations
  8481 | D:8      | Reached **** piety under Qazlal
  8575 | D:8      | Noticed Erica
  8581 | D:8      | Reached skill level 5 in Short Blades
  8629 | D:8      | Killed Erica
  8646 | D:8      | Reached XP level 10. HP: 43/71 MP: 9/21
  9234 | D:9      | Reached skill level 8 in Spellcasting
  9439 | D:9      | Got a translucent leather armour
  9450 | D:9      | Identified the +2 leather armour of the Hunter {Str+2} (You
                  | found it on level 9 of the Dungeon)
  9580 | D:9      | Reached skill level 5 in Stealth
  9729 | D:9      | Found a staircase to the Orcish Mines.
  9818 | D:10     | Entered Level 10 of the Dungeon
  9843 | D:10     | Noticed a two-headed ogre
  9971 | D:10     | Killed a two-headed ogre
  9971 | D:10     | Reached skill level 1 in Long Blades
 10143 | D:10     | Noticed Joseph
 10170 | D:10     | Reached ***** piety under Qazlal
 10368 | D:10     | Killed Joseph
 10400 | D:10     | Reached XP level 11. HP: 66/78 MP: 16/23
 10449 | D:10     | Found a staircase to the Lair.
 10470 | D:10     | Learned a level 2 spell: Ensorcelled Hibernation
 10474 | D:10     | Learned a level 3 spell: Confuse
 10855 | Lair:1   | Entered Level 1 of the Lair of Beasts
 11085 | Lair:1   | Noticed a four-headed hydra
 11129 | Lair:1   | Reached skill level 9 in Spellcasting
 11162 | Lair:1   | Reached skill level 5 in Fighting
 11377 | D:10     | Learned a level 3 spell: Dazzling Spray
 11390 | Lair:1   | Killed a four-headed hydra
 11390 | Lair:1   | Reached skill level 5 in Dodging
 11390 | Lair:1   | Reached skill level 1 in Hexes
 11664 | Lair:1   | Noticed a seven-headed hydra
 11763 | Lair:1   | Killed a seven-headed hydra
 12462 | Lair:2   | Noticed an eight-headed hydra
 12476 | Lair:2   | Killed an eight-headed hydra
 12476 | Lair:2   | Reached skill level 1 in Ice Magic
 12476 | Lair:2   | Reached XP level 12. HP: 86/86 MP: 15/25
 12796 | Lair:2   | Found a staircase to the Snake Pit.
 12814 | Lair:2   | Identified a scroll of acquirement
 12934 | Lair:2   | Found a staircase to the Swamp.
 13266 | Lair:3   | Reached skill level 1 in Shields
 13564 | Lair:3   | Reached skill level 10 in Spellcasting
 13769 | Lair:3   | Gained mutation: You passively map a small area around you.
                  | [potion of mutation]
 13769 | Lair:3   | Gained mutation: You are resistant to electric shocks.
                  | (rElec) [potion of mutation]
 14135 | Lair:3   | HP: 3/86 [oklob plant/splash of acid (18)]
 14135 | Lair:3   | Splashed by an oklob plant's acid

Skill      XL: |  1  2  3  4  5  6  7  8  9 10 11 12 |
---------------+-------------------------------------+-----
Stealth        | 2 3 4 5 6 |  6.9
Dodging        | 2 3 4 5 |  5.8
Spellcasting   | 4 5 6 7 8 9 10 | 10.0
Short Blades   | 1 2 3 4 5 6 7 |  7.3
Conjurations   | 2 3 4 5 6 7 |  7.0
Fighting       | 1 3 4 5 |  5.5
Summonings     | 2 3 |  3.4
Poison Magic   | 1 3 4 |  4.3
Translocations | 1 2 |  2.1
Air Magic      | 2 3 4 |  4.6
Long Blades    | 1 |  1.0
Hexes          | 2 |  2.9
Ice Magic      | 1 |  1.5
Shields        | 2 |  2.7
Evocations     | |  0.2

Action                   |  1- 3 |  4- 6 |  7- 9 | 10-12 || total
-------------------------+-------+-------+-------+-------++-------
Melee: Short sword       |    38 |    13 |       |       ||    51
       Dagger            |       |    77 |   246 |   364 ||   687
       Kick              |       |    18 |    49 |    93 ||   160
       Scimitar          |       |       |       |    10 ||    10
 Cast: Magic Dart        |    58 |    65 |   100 |    30 ||   253
       Call Imp          |     5 |     9 |    10 |     5 ||    29
       Mephitic Cloud    |       |    11 |    28 |    59 ||    98
       Blink             |       |       |     3 |    11 ||    14
       Ensorcelled Hiber |       |       |       |    23 ||    23
       Dazzling Spray    |       |       |       |    13 ||    13
       Confuse           |       |       |       |    10 ||    10
Evoke: Wand              |       |       |       |     3 ||     3
  Use: Scroll            |       |       |    13 |     9 ||    22
       Potion            |       |       |       |     9 ||     9
 Stab: Sleeping          |       |     3 |       |     5 ||     8
       Confused          |       |       |    10 |    29 ||    39
       Distracted        |       |       |       |     1 ||     1
       Invisible         |       |       |       |     3 ||     3
  Eat: Chunk             |     3 |     9 |    10 |    15 ||    37
       Ration            |       |       |     1 |     1 ||     2
Armor: Robe              |     9 |     7 |    26 |    61 ||   103
       Skin              |       |       |       |    22 ||    22
Dodge: Dodged            |    24 |    46 |    97 |   166 ||   333
       Deflected         |       |       |       |    10 ||    10
Block: Other             |       |     3 |    12 |    65 ||    80
       Shield            |       |       |       |    36 ||    36
       Rpst.: Scimitar   |       |       |       |     5 ||     5
